 Dungeon Crawl Stone Soup version 0.28.0 (webtiles) character file.

Game seed: 2829489041434116894

56 Gabide the Grave Robber (level 3, -1/25 HPs)
             Began as a Mummy Necromancer on Feb 15, 2022.
             Killed from afar by an orc wizard (19 damage)
             ... with a puff of flame
             ... on level 2 of the Dungeon.
             The game lasted 00:05:39 (2550 turns).

Gabide the Grave Robber (Mummy Necromancer)         Turns: 2550, Time: 00:05:40

Health: -1/25      AC:  2    Str: 17    XL:     3   Next: 71%
Magic:  1/8        EV: 12    Int: 16    God:
Gold:   49         SH:  0    Dex: 12    Spells: 5/9 levels left

rFire   x . .      SeeInvis .   (no weapon)
rCold   + . .      Faith    .   (no shield)
rNeg    + + +      Spirit   .   a - +0 robe
rPois   ∞          Reflect  .   (no helmet)
rElec   .          Harm     .   (no cloak)
rCorr   .          Rampage  .   (no gloves)
Will    .....                   (no boots)
Stlth   +.........              (no amulet)
HPRegen 0.08/turn               c - +6 ring of strength
MPRegen 0.11/turn               (no ring)

@: confused, very slightly contaminated
A: cold resistance 1, negative energy resistance 3, torment resistance 2, heat
vulnerability 1, no potions
a: no special abilities


You were on level 2 of the Dungeon.
You visited 1 branch of the dungeon, and saw 3 of its levels.

You collected 49 gold pieces.

Inventory:

Armour
 a - a +0 robe (worn)
Jewellery
 c - a +6 ring of strength (left hand)
Scrolls
 b - 2 scrolls of teleportation
 d - a scroll of blinking {unknown}
 e - a scroll of enchant armour {unknown}


   Skills:
 * Level 0.3 Fighting
 * Level 1.8 Dodging
 + Level 1.5 Stealth
 * Level 3.9 Spellcasting
 * Level 4.6 Necromancy


You had 5 spell levels left.
You knew the following spells:

 Your Spells              Type           Power      Damage    Failure   Level
a - Pain                  Necr           72%        1d7       2%          1
b - Vampiric Draining     Necr           18%        2d7       8%          3

Your spell library contained the following spells:

 Spells                   Type           Power      Damage    Failure   Level
 Animate Skeleton         Necr           36%        N/A       2%          1
 Animate Dead             Necr           9%         N/A       26%         4
 Summon Guardian Golem    Hex/Summ       3%         N/A       45%         3
 Agony                    Necr           18%        N/A       56%         5
 Orb of Destruction       Conj           1%         9d5       100%        7
 Spellforged Servitor     Conj/Summ      1%         N/A       100%        7


Dungeon Overview and Level Annotations

Branches:
Dungeon (3/15)

Altars:

Shops:
D:1 *


Innate Abilities, Weirdness & Mutations

You are immune to poison.
Your flesh is cold resistant. (rC+)
You are immune to negative energy. (rN+++)
You are immune to unholy pain and torment.
You are vulnerable to heat. (rF-)
You do not drink.


Message History

Casting: Vampiric Draining (quite dangerous; 8% risk of failure)
Confirm with . or Enter, or press ? or * to list all spells.
The spell is quite dangerous to miscast (8% risk of failure)!
Continue anyway?
Aiming: Vampiric Draining (quite dangerous; 8% risk of failure)
Press: ? - help, Shift-Dir - straight line, f - orc wizard
Aim: an orc wizard, wielding a +1 dagger of flaming and wearing a +0 robe You miscast Vampiric Draining.
You are very lightly contaminated with residual magic.
Nothing appears to happen.
The orc wizard misses you.
Casting: Vampiric Draining (quite dangerous; 8% risk of failure)
Confirm with . or Enter, or press ? or * to list all spells.
The spell is quite dangerous to miscast (8% risk of failure)!
Continue anyway?
Okay, then.
Casting: Vampiric Draining (quite dangerous; 8% risk of failure)
Confirm with . or Enter, or press ? or * to list all spells.
You don't know that spell.
Casting: Vampiric Draining (quite dangerous; 8% risk of failure)
Confirm with . or Enter, or press ? or * to list all spells.
The spell is quite dangerous to miscast (8% risk of failure)!
Continue anyway?
Aiming: Vampiric Draining (quite dangerous; 8% risk of failure)
Press: ? - help, Shift-Dir - straight line, f/p - orc wizard
Aim: an orc wizard, wielding a +1 dagger of flaming and wearing a +0 robe You draw life force from the orc wizard!
The orc wizard gestures at you while chanting.
You resist with some effort.
The orc wizard barely resists.
The orc wizard mumbles some strange words.
The orc wizard flickers and vanishes!
Deactivating autopickup; reactivate with Ctrl-A.
You can't see any susceptible monsters within range! (Use Z to cast anyway.)
You barely miss something. Something hits you. Something burns you.
You hit something but do no damage.
You hear some strange, mumbled words.
You are confused.
You start resting.
You hear some strange, mumbled words.
A puff of flame appears from out of thin air!
The puff of flame hits you!! The fire burns you terribly!
Ouch! That really hurt!
You die...

#...............#
#...............#
###...............########
....###......##..........#
....# #......##..........#
....# #......##..........#
....# ###'#####..........#
....# #.#####...)......#
....#####.#...'.@{.......#
....'.....#.###..........#
....####..#.# #..........#
....# #..#.# #...)......#
....# #####.# #..........#
....# #.....# #..........#
....# #.##### #..........#
....# #.# #..........#
##### #.# ############


There were no monsters in sight!

Vanquished Creatures
  2 adders (D:2)
  2 orcs
  3 endoplasms (D:1)
  2 giant cockroaches
  2 hobgoblins
  2 quokkas
  4 ball pythons (D:2)
  3 bats (D:1)
  2 frilled lizards
  2 goblins (D:2)
  10 kobolds
  4 rats
38 creatures vanquished.

Notes
Turn   | Place    | Note
-------+----------+-------------------------------------------
     0 | D:1      | Gabide the Mummy Necromancer began the quest for the Orb.
     0 | D:1      | Reached XP level 1. HP: 13/13 MP: 4/4
     1 | D:1      | Noticed an electric eel
   364 | D:1      | Found Ykixtih's Assorted Antiques.
   433 | D:1      | Reached XP level 2. HP: 19/19 MP: 3/5
  1250 | D:2      | Reached XP level 3. HP: 24/24 MP: 6/8
  1254 | D:2      | Learned a level 3 spell: Vampiric Draining
  2550 | D:2      | Killed from afar by an orc wizard

Illustrated notes

Levels and vault maps discovered:
D:1:      arrival_aquarium_a, layout_rooms, serial_shops, shop
D:2:      layout_basic
D:3:      minmay_wonky_spiral, layout_rooms

Skill      XL: |  1  2 |
---------------+-------+-----
Spellcasting   | 3 |  3.9
Fighting       | |  0.3
Dodging        | |  1.8
Stealth        | |  1.5
Necromancy     | |  4.6

Action                   || total
-------------------------++-------
Melee: Unarmed           ||    14
 Cast: Pain              ||    71
       Vampiric Draining ||     1
  Use: Scroll            ||     1
Armor: Robe              ||     2
Dodge: Dodged            ||    22
